[Event "44th Chess Olympiad Open 2022"]
[Site "Chennai"]
[Date "2022.08.01"]
[Round "4.82"]
[White "Ballebako, Kokou Difendramakad"]
[Black "Nevska, Gerda"]
[Result "0-1"]
[WhiteElo "1524"]
[BlackElo "1840"]
[Annotator "NA RC"]
[PlyCount "162"]
[EventDate "2022.??.??"]
[TimeControl "60"]

1. d4 g6 2. Bf4 Bg7 3. e3 d6 4. Nf3 Nf6 5. Bc4 O-O 6. Nbd2 Nh5 7. Bg5 h6 8. Bh4 Nd7 9. g4 Nhf6 10. g5 Nh7 11. gxh6 Bxh6 12. Rg1 Kh8 13.
Qe2 c5 14. Ng5 Nxg5 15. Bxg5 Bxg5 16. Rxg5 d5 17. Rxd5 e6 18. Rh5+ Kg7 19. O-O-O cxd4 20. Rh3 Nf6 21. Rg1 e5 22. Rhg3 Rh8 23. Nf3 e4 24. Ne5 d3 25. cxd3 exd3 26. Nxf7 Bf5 27. Nxd8 dxe2 28. Ne6+ Kh7 29. Ng5+ Kg7 30. Kd2 Rac8 31. Bb3 Rxh2 32. Kxe2 b5 33. Nf3 Rh3 34. Nd4 Rxg3 35. Rxg3 Bd7 36. Bc2 Be8 37. Ne6+ Kf7 38. Bb3 Ke7 39. Nf4 Ne4 40. Rh3 Kf6 41. Rh7 Rd8 42. Nd5+ Kg5 43. Rxa7 Bc6 44. Ne7 Bd7 45. Bd5 Nf6 46. f4+ Kh6 47. Ra8 Bg4+ 48. Ke1 Rxd5 49. Nxd5 Nxd5 50. Kd2 Bf3 51. Rd8 Be4 52. Re8 Nf6 53. Re6 Kg7 54. a4 Bf5 55. Ra6 Ne4+ 56. Kc1 bxa4 57. Rxa4 Kf7 58. Rd4 Nc5 59. Rd8 Ke7 60. Rb8 Kd6 61. Kd2 Nd7 62. Re8 Kd5 63. Kc3 Nc5 64. b4 Ne4+ 65. Kb3 Nd6 66. Re5+ Kc6 67. Ka4 Bc2+ 68. Ka5 Nc4+ 69. Ka6 Nxe5 70. b5+ Kd7 71. fxe5 Ke6 72. b6 Be4 73. Kb5 g5 74. Kc4 Kxe5 75. b7 Bxb7 76. Kd3 Bf3 77. Kd2 g4 78. Ke1 g3 79. Kf1 Ke4 80. Kg1 Kxe3 81. Kf1 Kf4 0-1

[Event "44th Chess Olympiad Open 2022"]
[Site "Chennai"]
[Date "2022.08.01"]
[Round "4.83"]
[White "Berardi, Giancarlo"]
[Black "Bansal, Nayan"]
[Result "1-0"]
[WhiteElo "1757"]
[BlackElo "1444"]
[Annotator "NA RC"]
[PlyCount "59"]
[EventDate "2022.??.??"]
[TimeControl "60"]

1. c4 c5 2. Nc3 Nc6 3. g3 e6 4. Bg2 Nf6 5. Nf3 d5 6. cxd5 exd5 7. d4 b6 8. O-O Be7 9. Re1 O-O 10. b3 Bb7 11. Bb2 h5 12. Rc1 h4 13.
dxc5 Bxc5 14. Nxh4 d4 15. Na4 Bb4 16. Bxc6 Bxe1 17. Bxb7 Bxf2+ 18. Kxf2 Rb8 19. Bf3 Qd7 20. Bxd4 Rbd8 21. e3 Qh3 22. Qg1 Ng4+ 23. Bxg4 Qxg4 24. Qg2 Rxd4 25. exd4 Qxd4+ 26. Kf3 Qf6+ 27. Kg4 Qe6+ 28. Nf5 Qg6+ 29. Kf4 Kh8 30. Qh3+ 1-0

[Event "44th Chess Olympiad Open 2022"]
[Site "Chennai"]
[Date "2022.08.01"]
[Round "4.83"]
[White "Herrera, Adrian"]
[Black "Smith, Michael A"]
[Result "1-0"]
[WhiteElo "1563"]
[BlackElo "1840"]
[Annotator "NA RC"]
[PlyCount "51"]
[EventDate "2022.??.??"]
[TimeControl "60"]

1. e4 d6 2. d4 e5 3. dxe5 dxe5 4. Qxd8+ Kxd8 5. Bc4 Be6 6. Bxe6 fxe6 7. Be3 Nd7 8. Nd2 Bb4 9. Rd1 Ngf6 10. f3 Ke7 11. Ke2 Rad8 12. Nh3 h6 13.
Nf2 g5 14. c3 Bc5 15. Nd3 Bxe3 16. Kxe3 Nh5 17. g3 Nhf6 18. Nc4 Rhg8 19. h3 h5 20. Ncxe5 g4 21. hxg4 hxg4 22. f4 Nxe5 23. Nxe5 Nd7 24. Rh7+ Ke8 25. Nxd7 e5 26. Nf6+ 1-0

[Event "44th Chess Olympiad Open 2022"]
[Site "Chennai"]
[Date "2022.08.01"]
[Round "4.83"]
[White "Hair, Justin M"]
[Black "Righi, Ezio"]
[Result "0-1"]
[WhiteElo "1505"]
[BlackElo "1912"]
[Annotator "NA RC"]
[PlyCount "78"]
[EventDate "2022.??.??"]
[TimeControl "60"]

1. e4 c5 2. Nf3 e6 3. d4 cxd4 4. Nxd4 a6 5. Nc3 Qc7 6. Bd3 Nf6 7. Be3 Nc6 8. h3 d6 9. Qd2 Be7 10. a3 b5 11. f4 Bb7 12. O-O-O b4 13.
Nb1 Nxd4 14. Bxd4 Nxe4 15. Qxb4 d5 16. Qe1 Qxf4+ 17. Be3 Qc7 18. Rf1 O-O 19. Nd2 Rac8 20. Qe2 Ng3 21. Qg4 Nxf1 22. Bh6 Bf6 23.
Rxf1 Qe5 24. c3 Rxc3+ 25. bxc3 Qxc3+ 26. Kd1 Kh8 27. Rxf6 Qxf6 28. Bg5 Qa1+ 29. Ke2 f5 30. Qh5 Qxa3 31. g4 Bc6 32. Nb1 Qb2+ 33. Kd1 Ba4+ 34. Ke1 Bb5 35. Bxb5 Qxb1+ 36. Kd2 Qxb5 37. Be7 Rc8 38. Qf7 Qe8 39. Qxe6 Rc7 0-1

[Event "44th Chess Olympiad Open 2022"]
[Site "Chennai"]
[Date "2022.08.01"]
[Round "4.84"]
[White "Bridet, Robert"]
[Black "Montel Jr, Cyril Tomas"]
[Result "0-1"]
[WhiteElo "1497"]
[BlackElo "1827"]
[Annotator "NA RC"]
[PlyCount "74"]
[EventDate "2022.??.??"]
[TimeControl "60"]

1. e4 c5 2. Bc4 g6 3. Nf3 Bg7 4. Nc3 Nc6 5. a3 Nf6 6. d3 O-O 7. O-O d6 8. h3 a6 9. Bg5 b5 10. Ba2 h6 11. Be3 Bb7 12. Nh4 Kh7 13.
f4 e6 14. Qe1 Nd4 15. Qf2 Nd7 16. f5 exf5 17. exf5 g5 18. Nf3 Bxf3 19. gxf3 Nxf5 20. Bd5 Nxe3 21. Bxa8 Qxa8 22. Rfe1 Bd4 23. Rxe3 Re8 24. Nd1 Ne5 25. Kf1 Bxe3 26. Nxe3 Qxf3 27. Qxf3 Nxf3 28. Kf2 Nd4 29. c3 Rxe3 30. cxd4 Rxd3 31. dxc5 dxc5 32. Kg2 Rd2+ 33. Kg3 Rxb2 34. Rf1 Kg7 35. Rf3 c4 36. Kg4 Kg6 37. Kg3 Rb3 0-1

[Event "44th Chess Olympiad Open 2022"]
[Site "Chennai"]
[Date "2022.08.01"]
[Round "4.84"]
[White "Thomas, Larry"]
[Black "Cabunagan, Tito"]
[Result "1-0"]
[WhiteElo "1317"]
[BlackElo "1706"]
[Annotator "NA RC"]
[PlyCount "97"]
[EventDate "2022.??.??"]
[TimeControl "60"]

1. d4 d5 2. Nc3 c6 3. Bf4 Bf5 4. e3 e6 5. Bd3 Bxd3 6. Qxd3 Bd6 7. Bg3 Bxg3 8. hxg3 h6 9. Nf3 Nd7 10. a4 a6 11. e4 dxe4 12. Nxe4 Ndf6 13.
c3 Nxe4 14. Qxe4 Nf6 15. Qc2 Qd5 16. O-O O-O 17. Rfe1 Rfe8 18. Rad1 Rab8 19. b4 b5 20. a5 Qf5 21. Qxf5 exf5 22. Ne5 Rbc8 23. f3 Re6 24. Kf2 Rce8 25. Nd3 Rxe1 26. Rxe1 Rxe1 27. Kxe1 Nd5 28. Kd2 f6 29. Nc5 Nc7 30. Nd7 Kf7 31. Nb8 Ke6 32. Nxc6 Kd7 33. Nb8+ Kc8 34. Nc6 Kd7 35. d5 Kd6 36. Nd4 g6 37. Ne6 Nxd5 38. Nc5 Nc7 39. Kd3 g5 40. Nb7+ Ke5 41. c4 bxc4+ 42. Kxc4 Ne6 43. Nc5 Nc7 44. Nxa6 Nxa6 45. b5 Nc7 46. b6 Ne8 47. Kc5 Ke6 48. a6 Kd7 49. a7 1-0

[Event "44th Chess Olympiad Open 2022"]
[Site "Chennai"]
[Date "2022.08.01"]
[Round "4.86"]
[White "Van den Brink, Peter"]
[Black "Stratonowitsch, Andre"]
[Result "1-0"]
[WhiteElo "2167"]
[BlackElo "2142"]
[Annotator "RC"]
[PlyCount "113"]
[EventDate "2022.??.??"]
[TimeControl "60"]

1. c4 e5 2. g3 Nc6 3. Nc3 f5 4. Nf3 Bb4 5. d4 exd4 6. Nxd4 Nxd4 7. Qxd4 Qf6 8.
Be3 Qxd4 9. Bxd4 Kf7 10. a3 Bxc3+ 11. Bxc3 Nf6 12. Bg2 Re8 13. e3 Ne4 14. Rc1 b6 15. O-O Bb7 16. Rfd1 Re7 17. Bd4 d6 18. b4 Rd8 19. c5 dxc5 20. bxc5 Bd5 21. h4 Red7 22. Rd3 g6 23. a4 Ke6 24. Bf1 g5 25. hxg5 Nxg5 26. Be2 Bf3 27. Kf1 Bxe2+ 28. Kxe2 Ne4 29. cxb6 axb6 30. Rh1 Rg8 31. Rb3 f4 32. gxf4 Rg2 33. Kf3 Nd2+ 34. Kxg2 Nxb3 35. Rh6+ Kd5 36. Bh8 Nc5 37. f5 Nxa4 38. e4+ Kxe4 39. Rh4+ Kxf5 40. Rxa4 b5 41. Rb4 c6 42. Kg3 Rd6 43. Rf4+ Kg6 44. Rg4+ Kf5 45. Rh4 h6 46. Bd4 Kg6 47. Be3 Kg7 48. Re4 Kg6 49. Kg4 Rf6 50. f4 Rf5 51. Re6+ Rf6 52. f5+ Kf7 53. Rxf6+ Kxf6 54. Bxh6 c5 55. Be3 c4 56. Bd4+ Kf7 57. Bc3 1-0

[Event "44th Chess Olympiad Open 2022"]
[Site "Chennai"]
[Date "2022.08.01"]
[Round "4.86"]
[White "Ramachandran, R..."]
[Black "Antonio, Kyell-Jean"]
[Result "0-1"]
[WhiteElo "1994"]
[BlackElo "1497"]
[Annotator "NA RC"]
[PlyCount "52"]
[EventDate "2022.??.??"]
[TimeControl "60"]

1. d4 d5 2. c4 c6 3. Nc3 e6 4. Bf4 Nf6 5. e3 Nbd7 6. Nf3 Be7 7. Bd3 dxc4 8.
Bxc4 b5 9. Bd3 Bb7 10. Qc2 h6 11. h3 a6 12. b3 Rc8 13. e4 c5 14. Be3 cxd4 15.
Nxd4 b4 16. Bd2 bxc3 17. Bxc3 Bb4 18. Ne2 Ne5 19. Rd1 Bxc3+ 20. Nxc3 Qa5 21. Bc4 Nxc4 22. bxc4 Rxc4 23. Qd3 Qxc3+ 24. Rd2 Qxd3 25. Rxd3 Rc1+ 26. Rd1 Rxd1+ 0-1

[Event "44th Chess Olympiad Open 2022"]
[Site "Chennai"]
[Date "2022.08.01"]
[Round "4.86"]
[White "Stetsenko, Ilya"]
[Black "Pillay, Ragul"]
[Result "1/2-1/2"]
[WhiteElo "1683"]
[BlackElo "1341"]
[Annotator "NA RC"]
[PlyCount "100"]
[EventDate "2022.??.??"]
[TimeControl "60"]

1. d4 Nf6 2. c4 e6 3. Nf3 d5 4. Nc3 Bb4 5. Qa4+ Nc6 6. e3 Ne4 7. Bd2 Nxd2 8.
Nxd2 O-O 9. Bd3 Qg5 10. O-O dxc4 11. Nxc4 Bxc3 12. bxc3 b5 13. Qc2 bxc4 14. Bxh7+ Kh8 15. f4 Qe7 16. Rf3 g6 17. Bxg6 fxg6 18. Qxg6 Rf7 19. Rh3+ Rh7 20. Rxh7+ Qxh7 21. Qe8+ Qg8 22. Qxc6 Rb8 23. Qe4 Rb2 24. Rb1 Rxb1+ 25. Qxb1 Ba6 26. Qe4 Qg4 27. Qf3 Qxf3 28. gxf3 Kg7 29. Kf2 Kg6 30. e4 Bb7 31. Kg3 Kh5 32. f5 exf5 33. Kf4 fxe4 34. fxe4 Kh4 35. e5 Kh3 36. e6 Bc6 37. Ke5 Kxh2 38. d5 Ba4 39. Kd4 Bb5 40. Kc5 a6 41. a4 Bxa4 42. Kxc4 Kg3 43. Kc5 Kf4 44. d6 cxd6+ 45. Kxd6 Be8 46. c4 a5 47. c5 Kf5 48. c6 Bxc6 49. Kxc6 Kxe6 50. Kb5 Ke5 1/2-1/2

[Event "44th Chess Olympiad Open 2022"]
[Site "Chennai"]
[Date "2022.08.01"]
[Round "4.87"]
[White "Dalliah, Joseph"]
[Black "Escalante Ramirez, Brian Sebasti"]
[Result "1/2-1/2"]
[WhiteElo "1920"]
[BlackElo "2496"]
[Annotator "TA"]
[PlyCount "99"]
[EventDate "2022.??.??"]
[TimeControl "60"]

1. d4 d5 2. c4 e6 3. Nc3 Nf6 4. Bf4 c6 5. e3 Nbd7 6. Nf3 Be7 7. Be2 O-O 8.
O-O Nh5 {[%emt 0:02:18] D37: Queen's Gambit Declined: 5 Bf4.}
9. Bg3 Nxg3 10. fxg3 (10.
hxg3 $11 b6 11. Rc1) 10... Bf6 {[%emt 0:02:06] [#] Black is slightly better.}
11. c5 $146 (11. Qc2 $11) ({Predecessor:} 11. b4 Re8 12. e4
dxe4 13. Nxe4 Be7 14. c5 b6 15. Rb1 Nf6 16. Nc3 Ng4 17. Qd2 e5 18. dxe5 Bf5 19.
b5 {1-0 (19) Brewer Hoyos,J-Gonzalez Miranda,A (1354) Tenerife 2018}) 11... e5
$17 12. dxe5 (12. Qd2 $15) 12... Nxe5 13. Qc2 (13. Nxe5 $17 Bxe5 14. Bd3) 13... Ng4
$19 14. Nd1 Re8 15. Bd3 g6 ({Not} 15... Nxe3 16. Nxe3 Rxe3 17. Bxh7+
Kh8 18. Bd3 $17) 16. Re1 Ne5 17. Nxe5 Rxe5 18. Rb1 Qe7 19. b4 Bg4 20. Qf2 Re8 21. Rf1 Bg5 {[%emt 0:01:23] This bishop pair
is nice.} 22. h4 Bh6 ({But not} 22... Bxe3 $2
23. Nxe3 Rxe3 24. Qf4 $19) 23. Kh2 Bxe3 24.
Nxe3 Rxe3 25. Rb3 Be2 $2 {[%emt 0:02:47] [#]} (25... d4 $19 26. Bc4 Bf5) 26. Bxe2 $2 (26. Bxg6 $1 $11 {and White is okay.} hxg6 27. Rxe3 Qxe3 28. Qxf7+ Kh8
29. Qxg6 Bxf1 30. Qf6+ Kh7 31. Qf7+ Kh6 32. Qf6+ Kh7 33. Qf7+ Kh6 34. Qf6+ Kh7)
26... Rxe2 27. Qf3 Rxa2 28.
b5 Re2 29. bxc6 (29. Ra3
$142) 29... bxc6 30. Rfb1 Re3 31. Qf4 Rxb3 32. Rxb3 Qxc5
{[%emt 0:00:19] Endgame KQR-KQR} 33. Rb7 Rf8 (33... Qf8 $142 {Strongly threatening ...c5.} 34. Rxa7 c5) 34. Qa4 $2 (34. Qf6 {was worth a try.}) 34... d4 {[%emt 0:01:25] [#] And now ...
Rd8 would win.} 35. Rxa7 $2 (35. Rd7) 35... d3 $2 (35... Rd8 $19 36. Ra8 Rxa8 37. Qxa8+ Kg7) 36. Rd7 $17 Qb5 (36... Qc2 {looks sharper.} 37. Qf4 c5 38. h5 d2) 37. Qd1 Rc8 38. Rxd3 h5 39. Rd7 Qf5 40. Rd4 c5 41. Rc4 Qe6 42. Qc1 Qd5 43. Qc2 Rc6 44. Qc3 f6 (44... Kh7 $17)
45. Qc2 Kg7 46. Qa4 ({
Better is} 46. Ra4 $1 $11) 46... g5 (46... Rc7 $15) 47. hxg5
$11 {[%emt 0:02:44] The position is equal.} fxg5 48. Qa7+ Kg6 49. Qa4 Re6 50. Qc2+ {[%emt 0:00:14] White happily takes the draw. Weighted Error
Value: White=0.36/Black=0.44} 1/2-1/2

[Event "44th Chess Olympiad Open 2022"]
[Site "Chennai"]
[Date "2022.08.01"]
[Round "4.87"]
[White "Enemchukwu Chinedu Benjamin"]
[Black "Bah, Ebrima"]
[Result "1-0"]
[WhiteElo "1889"]
[BlackElo "2078"]
[Annotator "NA RC"]
[PlyCount "83"]
[EventDate "2022.??.??"]
[TimeControl "60"]

1. e4 e6 2. d4 d5 3. Nc3 dxe4 4. f3 exf3 5. Nxf3 Nf6 6. Bd3 c5 7. dxc5 Bxc5 8. Qe2 Nc6 9. Bg5 h6 10. Bh4 g5 11. Bg3 Bd6 12. Bxd6 Qxd6 13. O-O-O a6 14. Kb1 Qb4 15. Rhf1 Qe7 16. Ne5 O-O 17. h4 Nxe5 18. Qxe5 Ng4 19. Qe2 Nf6 20. hxg5 hxg5 21. Rh1 Kg7 22. Qe3 Rg8 23. Qxg5+ Kf8 24. Qh6+ Ke8 25. Rhf1 Ng4 26. Qh7 Qf8 27. Ne4 Ke7 28. Qh4+ f6 29. Be2 Qh6 30. Qg3 Qh2 31. Qa3+ Kf7 32. Nd6+ Kg6 33. Bxg4 f5 34. Be2 b5 35. Rh1 Qe5 36. Rh6+ Kg7 37. Qf3 Ra7 38. Qh5 Re7 39. Rh7+ Kf6 40. Rxe7 Rf8 41. Qh4+ Kg6 42. Bh5+ 1-0

[Event "44th Chess Olympiad Open 2022"]
[Site "Chennai"]
[Date "2022.08.01"]
[Round "4.88"]
[White "Christopher, Art"]
[Black "dos Reis, Tito"]
[Result "0-1"]
[WhiteElo "1616"]
[BlackElo "1658"]
[Annotator "NA RC"]
[PlyCount "78"]
[EventDate "2022.??.??"]
[TimeControl "60"]

1. f4 d6 2. Nf3 c6 3. e3 Bg4 4. d4 e6 5. Bd3 Bxf3 6. Qxf3 Qh4+ 7. g3 Qd8 8.
O-O g6 9. Nd2 h5 10. Ne4 Be7 11. Ng5 Nh6 12. Nxe6 fxe6 13. Bxg6+ Kd7 14. e4 Qf8 15. f5 exf5 16. Qxh5 Qg7 17. c3 fxe4 18. Bg5 Bxg5 19. Qxg5 Kc7 20. Rf6 Nd7 21. Rf4 Rag8 22. Qa5+ Kb8 23. Bxe4 d5 24. Bf3 Qh7 25. Rh4 Qd3 26. Rf1 Qe3+ 27. Kg2 Nf5 28. Rxh8 Rxh8 29. Qb4 Qh6 30. h4 Ne3+ 31. Kf2 Nxf1 32. Kxf1 Qc1+ 33. Kg2 Qd2+ 34. Kh3 Qf2 35. Qd6+ Kc8 36. Bg4 Qf1+ 37. Kh2 Rh7 38. Qg6 Rf7 39. Bxd7+ Kxd7 0-1

[Event "44th Chess Olympiad Open 2022"]
[Site "Chennai"]
[Date "2022.08.01"]
[Round "4.89"]
[White "Tsephe, Lebajoa"]
[Black "Senglek, Khonsavanh"]
[Result "1-0"]
[WhiteElo "1712"]
[BlackElo "1253"]
[Annotator "NA RC"]
[PlyCount "93"]
[EventDate "2022.??.??"]
[TimeControl "60"]

1. Nf3 e6 2. g3 Nf6 3. Bg2 d5 4. O-O Nc6 5. d4 Bd6 6. c4 O-O 7. Nc3 dxc4 8. Qa4 Bb4 9. Rd1 a6 10. Ne5 Bxc3 11. Nxc6 bxc6 12. bxc3 Nd5 13. Qxc4 Bb7 14. Ba3 Re8 15. Rab1 Nb6 16. Qd3 Rb8 17. Bc5 a5 18. Be4 g6 19. Qf3 Kg7 20. Bxc6 Bxc6 21. Qxc6 Nd5 22. Ba3 Rb6 23. Rxb6 cxb6 24. e4 Qc7 25. exd5 Qxc6 26. dxc6 Rc8 27. c4 Rxc6 28. d5 exd5 29. cxd5 Rc7 30. d6 Rd7 31. Rc1 Kf6 32. Rc7 Ke6 33. Rxd7 Kxd7 34. Kf1 b5 35. Bc5 h6 36. Ke2 Ke6 37. Kd3 Kd7 38. Kd4 Ke6 39. a3 f5 40. f4 g5 41. h3 a4 42. Bb4 g4 43. h4 h5 44. Kc5 Kd7 45. Kxb5 Kd8 46. Kc6 Kc8 47. Ba5 1-0

[Event "44th Chess Olympiad Open 2022"]
[Site "Chennai"]
[Date "2022.08.01"]
[Round "4.90"]
[White "Ihsan Mohamed N T"]
[Black "Sharikhan, Shawal"]
[Result "0-1"]
[WhiteElo "1208"]
[BlackElo "1789"]
[Annotator "NA RC"]
[PlyCount "84"]
[EventDate "2022.??.??"]
[TimeControl "60"]

1. e4 c5 2. Nc3 Nc6 3. Bc4 Nf6 4. d3 e6 5. Bf4 d6 6. Nf3 Be7 7. O-O a6 8. a4 Qb6 9. Rb1 e5 10. Bg5 Bg4 11. Bxf6 Bxf6 12. Nd5 Qd8 13. c3 Rb8 14. Qd2 Bxf3 15. gxf3 O-O 16. f4 exf4 17. Qxf4 Be5 18. Qg4 g6 19. f4 Bg7 20. f5 Ne5 21. Qg3 Nxc4 22. f6 Nd2 23. Rbd1 Nxf1 24. Rxf1 h6 25. h4 h5 26. Rf5 Bh6 27. Kg2 Kh7 28. Rxh5 gxh5 29. Qf3 Rg8+ 30. Kf2 Rg6 31. d4 Qd7 32. e5 Qg4 33. Qxg4 Rxg4 34. exd6 cxd4 35. Nb6 d3 36. Nd7 Rd8 37. Ne5 Rxd6 38. Nxg4 hxg4 39. Kg3 d2 40. Kxg4 d1=Q+ 41. Kf5 Qf3+ 42. Ke5 Qd5# 0-1

[Event "44th Chess Olympiad Open 2022"]
[Site "Chennai"]
[Date "2022.08.02"]
[Round "5.1"]
[White "Harikrishna, Pentala"]
[Black "Deac, Bogdan-Daniel"]
[Result "1/2-1/2"]
[WhiteElo "2720"]
[BlackElo "2692"]
[Annotator "TA"]
[PlyCount "61"]
[EventDate "2022.??.??"]
[TimeControl "60"]

1. d4 Nf6 2. c4 e6 3. Nf3 d5 4. Nc3 Nbd7 5. Bg5 h6 6. Bh4 Be7 7. e3 O-O 8. Qc2 c5 9. Rd1 Qa5 10. Nd2 {[%emt 0:
00:00][%cal Yf3d2,Yd2c4,Yc4e5] D61: Queen's Gambit Declined: Classical: 7 Qc2.}
cxd4 11. exd4 dxc4 12. Nxc4
{[%emt 0:00:40] The position is equal.} Qd8 13. Be2 Nb6 {[%emt 0:02:30] [#]} 14. O-O $146 ({Predecessor:} 
14. Nxb6 Qxb6 15. O-O Bd7 16. d5 Qb4 17. Bxf6 Bxf6 18. Ne4 Be5 19. a3 Ba4 20.
Qd3 {½-½ (30) Belous,V (2558)-Ashwin,J (2495) Charlotte 2018}) 14... Bd7 15. Ne5 Rc8 16.
Qb3 {[%emt 0:03:26] Prevents Ba4.} Bc6 17. Nxc6 bxc6 18. Qc2 a5 19. a3 Qc7 20. Bg3 Qa7 21. Rd3 Rfd8 22. Rfd1 Bd6 23. Bh4 {[%emt 0:05:39] aiming for Bxf6.} Be7 24. Rf3 Nbd5 25.
Na4 Ne8 {[%emt 0:04:41][%cal Yf6e8,Ye8d6,Yd6f5] Pair of
Knights!} 26. Bg3 Nd6 27. Nc5 Nf5 28. Be5 Bd6 29. Bd3 Nde7 {[%emt 0:00:53] And now ...Bxe5 would win.} 30. Bxf5 Nxf5 31. Rfd3 {[%emt 0:00:55] Weighted Error
Value: White=0.04 (flawless) /Black=0.00 (flawless)} 1/2-1/2

[Event "44th Chess Olympiad Open 2022"]
[Site "Chennai"]
[Date "2022.08.02"]
[Round "5.1"]
[White "Erigaisi Arjun"]
[Black "Parligras, Mircea-Emilian"]
[Result "1-0"]
[WhiteElo "2689"]
[BlackElo "2576"]
[Annotator "TA"]
[PlyCount "91"]
[EventDate "2022.??.??"]
[TimeControl "60"]

1. d4 Nf6 2. c4 e6 3. Nc3 Bb4 4. f3 d5 5. a3 Bxc3+ 6. bxc3 c6 7. e4 {[%emt 0:00:
00] E20: Nimzo-Indian: 4 g3 and 4 f3.} dxe4 8. fxe4 e5 $1 9. Nf3 {[%emt 0:00:07] The position is equal.}
Bg4 10. Qd3 Nbd7 11. dxe5 Nh5 12. Be2 {[%emt 0:00:07] [#]} O-O $146 ({Predecessor:} 12... Qa5 13. O-O g6 14. Qd6 O-O-O 15. Be3 Qxc3
16. Bd2 Qc2 17. Nd4 Qxd2 18. Bxg4 Nf4 19. Rxf4 Qxf4 20. Nxc6 bxc6 21. Rb1 {
1-0 (21) Khenkin,I (2586)-Satyapragyan,S (2431) Andorra 2006}) 13. O-O Qb6+ 14. Rf2 Rfe8 15. Be3 Qc7 16. c5 Bxf3 17. gxf3 Nxe5 18. Qc2 {
[%emt 0:07:54] f4 is the strong threat.} Ng6 {[%emt 0:00:44] Against f4} 19.
Kh1 Nhf4 20. Bc4 Rad8 21. Rd1 Rxd1+ 22. Qxd1 Rd8 {[%emt 0:01:14] Prevents Qd6.} 23. Rd2 Rxd2 24. Qxd2 Kf8 25. Bf2 h5 (25... Ke8 {with more complications.} 26.
Bg3 Qe5 27. Bf1 Qh5) 26. h4 Ne6 27. Kg2 Ngf4+ {[%emt 0:10:08] Pair of Knights!} 28. Kf1 Qe5 29. Qd6+ Qxd6 30. cxd6
$11 {[%emt 0:00:04] Endgame KBB-KNN} b6 31. Bg3 f6 32. Kf2 Ke8 33. Ke3 Ng2+ 34. Kf2 Ngf4 35. Bf1 (35. Ke3 $5 Ng2+ 36. Ke2 Ngf4+
37. Ke3 $11) 35... Kd7 36. Ke3 g5 37. hxg5 fxg5 38. e5 h4 (38... Nd5+ $11 39. Kd2 (39. Ke4 h4 $11) 39... b5) 39. Bh2
$1 $14 {[%emt 0:00:05] Hoping for Ke4.} b5 $2 {[%emt 0:01:04] This move loses
the game for Black.} (39... h3 $16) 40. Ke4 $18 Nd5 {[%emt 0:
00:42] [#]} 41. Bh3 $1 {[%emt 0:15:59] Threatens to win with Kf5.} Nxc3+ $2 {
[%emt 0:12:41] [#]} (41... a5 42. Kd3 a4) 42. Kf5 $1 {[%emt 0:00:19] White is
clearly winning.} Nd4+ 43. Kxg5+ {[%emt 0:07:32] Discovered
Attack} Kd8 44. Bg4 a5 45.
e6 Nd5 46. Be5 {[%emt 0:00:16] Weighted
Error Value: White=0.02 (flawless) /Black=0.28 (precise)} 1-0

[Event "44th Chess Olympiad Open 2022"]
[Site "Chennai"]
[Date "2022.08.02"]
[Round "5.1"]
[White "Lupulescu, Constantin"]
[Black "Vidit, Santosh Gujrathi"]
[Result "1/2-1/2"]
[WhiteElo "2628"]
[BlackElo "2714"]
[Annotator "TA"]
[PlyCount "62"]
[EventDate "2022.??.??"]
[TimeControl "60"]

1. d4 Nf6 2. c4 e6 3. Nc3 Bb4 4. e3 O-O 5. Bd3 d5 6. cxd5 exd5 7. a3 {[%emt 0:00:07] E48: Nimzo-Indian:
Rubinstein: 5 Bd3 d5 including 6 Ne2, but excluding 6 a3.} Bd6 8. Qc2 c6 9. Nge2 Re8 10. O-O Nbd7 {[%emt 0:02:58][%cal Yb8d7,Yd7f8,
Yf8g6] [#]} 11. b4 $146 ({Predecessor:} 11. Bd2 a5 12. f3 c5
13. Nb5 Bf8 14. b3 b6 15. g4 a4 16. bxa4 c4 17. Bf5 {0-1 (69) Ivanisevic,I 
(2601)-Sjugirov,S (2680) Belgrade 2022}) 11... b6 12. Bd2 Nf8 13. Nf4 Ng6 14. Nce2 Bd7 15. a4 Qe7 16. a5 Ne4 ({Don't play} 16... Bxb4 17. Bxb4 Qxb4 18. Rfb1 $11) 17. Be1 (17. b5 {feels hotter.} Nxf4 18. Nxf4 Bxf4 19. bxc6 Bxh2+
20. Kxh2 Bxc6 21. Qxc6 Nxd2 22. Rh1) 17... Bxf4 (17... Nxf4
$15 18. Nxf4 b5) 18. Nxf4 $11 {[%emt 0:10:29] The position is equal.} Nxf4 19. exf4 Qf6 20. axb6 axb6 21. Rxa8 Rxa8 22. Bxe4 dxe4 23. Qxe4 Bf5 24. Qe3 Qg6 {[%emt 0:02:55] [#] ...
Bd3 is the strong threat.} 25. Bc3 Be4 26. f3 Bd5 27. Ra1 Rxa1+ 28. Bxa1 {[%emt 0:00:02][%cal Re3e8] [#]
} Qb1+ 29. Kf2 Qc2+ 30. Qe2 Qxe2+ 31. Kxe2 f5 {[%emt 0:00:14] Weighted Error Value: White=0.08 (flawless) /Black=0.07 
(flawless)} 1/2-1/2

[Event "44th Chess Olympiad Open 2022"]
[Site "Chennai"]
[Date "2022.08.02"]
[Round "5.1"]
[White "Jianu, Vlad-Cristian"]
[Black "Narayanan.S.L"]
[Result "1/2-1/2"]
[WhiteElo "2511"]
[BlackElo "2659"]
[Annotator "TA"]
[PlyCount "63"]
[EventDate "2022.??.??"]
[TimeControl "60"]

1. d4 Nf6 2. Nf3 d5 3. c4 e6 4. Nc3 Bb4 5. Bg5 h6 6. Bxf6 Qxf6 7. e3 O-O 8. Qb3 c5 9.
cxd5 exd5 10. dxc5 Bxc3+ 11. Qxc3 Qxc3+ 12. bxc3 Nd7 13. Rd1 Nxc5 {[%emt 0:00:06] 13...Nxc5 has become a bit dusty these days.
} 14. Rxd5 {[%emt 0:08:49] D38: Queen's Gambit Declined: Ragozin Defence (4
Nf3 Bb4).} b6 15. Rd4 Be6 {[%emt 0:01:17] The position is equal.} 16. Bc4 Rac8 {
[%emt 0:06:15] White must now prevent ...Bxc4.} 17. O-O Bxc4 18. Rxc4 b5 19. Rb4 a6 20. Nd4 Na4 21.
c4 Rxc4 22. Rxc4 bxc4 $11 {
[%emt 0:00:07] Endgame KRN-KRN} 23. Rb1 Rc8 {[%emt 0:05:46] 
[#]} 24. Kf1 $146 ({Predecessor:} 24. Rc1 Rc5 25. Kf1 Nb6 26.
a3 Ra5 27. Rb1 Nd5 28. Nc2 g6 29. e4 Nc3 30. Rb8+ {½-½ (42) Ambartsoumian,A 
(2345)-Tompa,J (2445) Cappelle la Grande 1991}) 24... c3 25.
Rb4 Nb2 {[%emt 0:00:00] [#] aiming for ...c2.} ({Don't play} 
25... c2 26. Nxc2 Nc3 27. Ne1 $16) 26. Ne2 Nc4 $1 27. Nxc3 Nxe3+ 28. fxe3 {
[%emt 0:00:06] Threatens to win with Ne2.} Rxc3 29. Ra4 $1 Rxe3 30. Rxa6 h5 31. Kf2 Rc3 32. h4 {[%emt 0:00:57] A
rather calm draw. Weighted Error Value: White=0.05 (flawless) /Black=0.02 
(flawless)} 1/2-1/2